 Dungeon Crawl Stone Soup version 0.32-a0-876-gcfddb08e57 (webtiles) character file.

Game seed: 9972511544165471011

4 smashvw the Ruffian (level 1, 16/16 HPs)
             Began as a Draconian Shapeshifter on Apr 1, 2024.
             Was a Follower of Kikubaaqudgha.
             Quit the game on level 1 of the Dungeon.
             The game lasted 00:00:44 (175 turns).

smashvw the Ruffian (Draconian Shapeshifter)         Turns: 175, Time: 00:00:45

Health: 16/16      AC:  4    Str: 16    XL:     1   Next: 50%
Magic:  1/1        EV: 11    Int: 10    God:    Kikubaaqudgha [*.....]
Gold:   7          SH:  0    Dex: 10    Spells: 0/0 levels left

rFire   . .          .
                       - Unarmed
rCold   . . .        (no shield)
rNeg    . . .        (body armour unavailable)
rPois   .            (helmet currently unavailable)
rElec   .            (cloak currently unavailable)
rCorr   .            (gloves currently unavailable)
SInv    .            (boots currently unavailable)
Will    .....        (no amulet)
Stlth   +            (no ring)
HPRegen 0.22/turn    (no ring)
MPRegen 0.07/turn

%: no passive effects
@: beast-form
A: beast (slay +1), AC +4, unfitting armour, cold-blooded
a: Begin Untransformation, Renounce Religion, Unearth Wretches


You were on level 1 of the Dungeon.
You worshipped Kikubaaqudgha.
Kikubaaqudgha was aware of your devotion.
You were a hulking beast.
You visited 1 branch of the dungeon, and saw 1 of its levels.

You collected 7 gold pieces.

Inventory:

Talismans
 b - a beast talisman (active)
 c - a flux talisman
Scrolls
 d - a scroll of enchant weapon {unknown}
 e - a scroll of acquirement {unknown}
Potions
 a - a potion of lignification


   Skills:
 - Level 1.1 Fighting
 - Level 1.7 Dodging
 + Level 3.1 Unarmed Combat
 + Level 3.1 Shapeshifting


You couldn't memorise any spells.
You didn't know any spells.
Your spell library contained the following spells:

 Spells                   Type           Power      Damage    Failure   Level
 Kiss of Death            Conj/Necr      0%         2d5       36%         1
 Necrotise                Necr           0%         1d4       36%         1
 Sublimation of Blood     Necr           0%         N/A       50%         2
 Animate Dead             Necr           0%         N/A       98%         4


Dungeon Overview and Level Annotations

Branches:
Dungeon (1/15)

Altars:
Kikubaaqudgha


Innate Abilities, Weirdness & Mutations

You are a hulking beast.
Your limbs bulge with bestial killing power. (Slay +1)
Your plain brown scales are hard. (AC +4)
You cannot fit into any form of body armour.
You are cold-blooded and may be slowed by cold attacks.


Message History

The bat hits you.
You punch the bat!
You kill the bat!
No target in view!
No target in view!
No target in view!
Found a stone staircase leading down.
Found a broad axe and a leather armour.
As you open the door, it creaks loudly!
Found 7 gold pieces.
There is an open door here.
Key pressed, stopping explore.
No target in view!
No target in view!
No target in view!
You now have 7 gold pieces.
d - a scroll labelled KYZEOHIHOMM
e - a scroll labelled FEOBUW DIAME You open the door.
There is an open door here.
Found a chain mail.
A bat comes into view.
Found a faded altar of an unknown god.
The bat barely misses you.
You completely miss the bat. The bat hits you but does no damage.
The bat hits you. The bat hits you but does no damage.
You hit the bat. You tail-slap the bat.
You kill the bat!
No target in view!
No target in view!
Found 3 stones.
There is a faded altar of an unknown god here.
This altar belongs to (a) Hepliaklqana, (b) Qazlal or (c) Kikubaaqudgha, but you can't tell which.
Press the corresponding letter to learn more about a god, or press enter to convert or escape to cancel.
Kikubaaqudgha accepts your prayer! Kikubaaqudgha welcomes you!
You can now bring forth the wretched and dying.
Kikubaaqudgha grants you a gift!
You add the spells Kiss of Death, Necrotise, Sublimation of Blood and Animate Dead to your library.
Are you sure you want to abandon this character and quit the game? (Confirm with "yes".)

....... ....... #
..ß....# .. ...♣...# #.#
# .......# #.# .#
.......# #.##### ..
....... #####.....#.#.#
......# ..............#
#####.########..h..#...#
#.............ß.ß.....#
#.##.########.........#
##.##...###...†..[....(#
....###.....#######.....
##### #####.....# ...#.
#.###...# ..# #.# .. ..#
#.# .#


There were no monsters in sight!

Vanquished Creatures
  A hobgoblin (D:1)
  A ball python (D:1)
  2 bats (D:1)
4 creatures vanquished.

Notes
Turn   | Place    | Note
-------+----------+-------------------------------------------
     0 | D:1      | smashvw the Draconian Shapeshifter began the quest for the
                  | Orb.
     0 | D:1      | Reached XP level 1. HP: 16/16 MP: 1/1
   165 | D:1      | Found a faded altar of an unknown god.
   174 | D:1      | Prayed at the altar of an unknown god.
   174 | D:1      | Became a worshipper of Kikubaaqudgha
   174 | D:1      | Reached * piety under Kikubaaqudgha
   174 | D:1      | Received a gift from Kikubaaqudgha
   175 | D:1      | Quit the game

Illustrated notes

Levels and vault maps discovered:
D:1:      wander_arrival_lonely_grave, layout_basic,
          dreamdust_ecumenical_altar_statues

Action                     || total
---------------------------++-------
  Melee: Unarmed           ||    11
         Tailslap          ||     2
 Armour: Skin              ||    12
  Dodge: Dodged            ||     4

Table legend: (Time is in decaauts)
 A = Elapsed time spent in this place.
 B = Non-inter-level travel time spent in this place.
 C = Inter-level travel time spent in this place.
 D = Time resting spent in this place.
 E = Time spent auto-exploring this place.
 F = Levels seen in this place.
 G = Mean time per level.
                   A        B        C        D        E       F      G
               +--------+--------+--------+--------+--------+-----+--------+
         Total |    174 |    174 |      0 |      0 |    141 |   1 |  174.0 |
       Dungeon |    174 |    174 |      0 |      0 |    141 |   1 |  174.0 |
               +--------+--------+--------+--------+--------+-----+--------+

Top non-repeatable levels by time:
     D:1: 174 daAuts
